 Dungeon Crawl Stone Soup version 0.24-a0-254-gf493760 (webtiles) character file.

Game seed: 16134410510472738260

137 Lanoc the Ruffian (level 5, -3/41 HPs)
             Began as a Draconian Transmuter on Apr 18, 2019.
             Killed from afar by an orc wizard (6 damage)
             ... with a magic dart
             ... on level 4 of the Dungeon.
             The game lasted 00:05:39 (2116 turns).

Lanoc the Ruffian (Draconian Transmuter)            Turns: 2116, Time: 00:05:40

Health: -3/41      AC:  5    Str: 11 (12) XL:     5   Next: 0%
Magic:  2/8        EV: 12    Int: 13 (15) God:
Gold:   91         SH:  0    Dex: 10 (11) Spells: 2/8 levels left

rFire    . . .     SeeInvis .     - Unarmed
rCold    . . .     Gourm    .   (no shield)
rNeg     . . .     Faith    .   (armour unavailable)
rPois    .         Spirit   .   (helmet restricted)
rElec    .         Reflect  .   (no cloak)
rCorr    .         Harm     .   (no gloves)
MR       .....                  (no boots)
Stlth    +.........             l - amulet of the acrobat
HPRegen  0.13/turn              (no ring)
MPRegen  0.11/turn              (no ring)

@: appendage, slowed, very slow
A: unfitting armour, horns 2, cold-blooded, AC +5
a: End Transformation


You were on level 4 of the Dungeon.
You were near starving.
You had grown temporary horns.
You visited 1 branch of the dungeon, and saw 4 of its levels.

You collected 91 gold pieces.

Inventory:

Missiles
 a - 36 arrows
Jewellery
 j - an uncursed amulet of faith
 l - an amulet of the acrobat (around neck)
 m - an uncursed amulet of harm {unknown}
Wands
 n - a wand of flame (28)
Scrolls
 b - 3 scrolls of remove curse
 d - 2 scrolls of identify
 e - a scroll of blinking
 f - a scroll of fog {unknown}
 g - a scroll of enchant weapon {unknown}
 k - 2 scrolls of teleportation {unknown}
Potions
 h - a potion of haste
Comestibles
 c - 4 rations


   Skills:
 + Level 2.1 Fighting
 + Level 2.4 Dodging
 * Level 4.0 Unarmed Combat
 + Level 2.4 Spellcasting
 * Level 3.2 Transmutations


You had 2 spell levels left.
You knew the following spells:

 Your Spells              Type           Power        Failure   Level  Hunger
a - Beastly Appendage     Tmut           #.....       7%          1    #......
b - Sticks to Snakes      Tmut           #.......     10%         2    ###....
c - Spider Form           Tmut/Pois      #.........   36%         3    ###....

Your spell library contained the following spells:

 Spells                   Type           Power        Failure   Level  Hunger
 Ice Form                 Ice/Tmut       #.......     77%         4    #####..
 Blade Hands              Tmut           #.........   88%         5    ######.


Dungeon Overview and Level Annotations

Branches:
Dungeon (4/15)
 Temple: D:4-7

Altars:
Ashenzari
Okawaru
Wu Jian


Innate Abilities, Weirdness & Mutations

Your plain brown scales are hard. (AC +5)
You cannot fit into any form of body armour.
You are cold-blooded and may be slowed by cold attacks.
You have a pair of horns on your head.


Message History

The magic dart hits you.
* * * LOW HITPOINT WARNING * * *
You barely miss the orc wizard.
The orc wizard is almost dead.
The orc wizard barely misses you.
The orc wizard casts a spell.
The orc wizard blinks!
Casting: Sticks to Snakes (safe; 10% risk of failure)
Confirm with . or Enter, or press ? or * to list all spells.
You grow a pair of large bovine horns.
You feel sick.
You are no longer poisoned.
The orc wizard gestures at you while chanting.
The magic dart hits you.
* * * LOW HITPOINT WARNING * * *
Casting: Beastly Appendage (safe; 7% risk of failure)
Confirm with . or Enter, or press ? or * to list all spells.
You create a snake!
You now have 36 arrows.
The orc wizard gestures at you while chanting.
The magic dart hits you.
You die...

.......#....# #.# #....
.......#.... #.#######...^
............####............
................####........
.........####...####..#.....
........# ##..####..........
§.......###.............###.
...####.)S.o..######...## #.
.......#..@########..## #.
...######§...........# #. .
....########.## #. #.#....#
#...# #. .. ......## #...#
#) .. ........###.### #. .
.............##### #.
###........#......####.
####..#..##....##.


You could see an orc wizard and a friendly ball python.

Vanquished Creatures
  A worker ant (D:4)
  An orc wizard (D:4)
  2 adders (D:2)
  3 worms
  A leopard gecko (D:2)
  6 orcs
  3 giant cockroaches
  4 goblins
  2 hobgoblins
  9 jackals
  3 quokkas (D:2)
  A bat (D:2)
  4 frilled lizards
  9 kobolds
  2 rats (D:1)
51 creatures vanquished.

Notes
Turn   | Place    | Note
-------+----------+-------------------------------------------
     0 | D:1      | Lanoc the Draconian Transmuter began the quest for the Orb.
     0 | D:1      | Reached XP level 1. HP: 16/16 MP: 3/3
    54 | D:1      | Reached XP level 2. HP: 19/23 MP: 5/5
   242 | D:2      | Found an iron altar of Okawaru.
   563 | D:2      | Reached XP level 3. HP: 20/28 MP: 6/6
   946 | D:3      | Found a shattered altar of Ashenzari.
  1093 | D:3      | Reached XP level 4. HP: 29/36 MP: 7/7
  1199 | D:3      | Found an ornate altar of the Wu Jian Council.
  1702 | D:4      | Noticed a sky beast
  1747 | D:4      | Learned a level 2 spell: Sticks to Snakes
  1751 | D:4      | Learned a level 3 spell: Spider Form
  2086 | D:4      | Reached skill level 4 in Unarmed Combat
  2089 | D:4      | Reached XP level 5. HP: 12/41 MP: 8/8
  2115 | D:4      | HP: 2/41 [orc wizard/magic dart (1)]
  2116 | D:4      | Killed from afar by an orc wizard

Levels and vault maps discovered:
D:1:      dpeg_arrival_prison, layout_loops_ring, chequers_serial_rivers_room_b
D:2:      wander_river, layout_loops_corners, okawaru_metal_pillars_1_2,
          nicolae_ru_the_path_less_chosen, nicolae_underground_beach
D:3:      layout_loops_ring, ashenzari_altar_1, old_standard_altar,
          eino_tiny_chamber
D:4:      layout_rooms, kennysheep_little_box, overflow_temple_1_default,
          first_ration

Skill      XL: |  1  2  3  4 |
---------------+-------------+-----
Dodging        | 2 |  2.4
Fighting       | 2 |  2.1
Transmutations | 3 |  3.2
Unarmed Combat | 4 |  4.0
Spellcasting   | |  2.4

Action                   |  1- 3 |  4- 6 || total
-------------------------+-------+-------++-------
Melee: Unarmed           |   129 |    70 ||   199
       Kick              |    10 |     5 ||    15
       Tailslap          |    12 |     6 ||    18
       Punch             |     3 |     1 ||     4
       Headbutt          |     5 |     2 ||     7
 Cast: Beastly Appendage |    17 |    11 ||    28
       Sticks to Snakes  |       |     5 ||     5
  Use: Potion            |     1 |     3 ||     4
       Scroll            |       |     4 ||     4
  Eat: Chunk             |     1 |     2 ||     3
Armor: Skin              |    36 |    14 ||    50
Dodge: Dodged            |    73 |    41 ||   114

Table legend:
 A = Non-vault XP
 B = Vault XP
 C = Vault XP percentage of total XP
 D = Non-vault monster count
 E = Vault monster count
 F = Vault count percentage of total count
                 A         B        C        D         E       F
            +---------+---------+-------+---------+---------+-------
      Total |     193 |       4 |   2.0 |      48 |       3 |   5.9
            +---------+---------+-------+---------+---------+-------
        D:1 |      16 |       4 |  20.0 |      10 |       3 |  23.1
        D:2 |      56 |       0 |   0.0 |      16 |       0 |   0.0
        D:3 |      41 |       0 |   0.0 |      17 |       0 |   0.0
        D:4 |      80 |       0 |   0.0 |       5 |       0 |   0.0
            +---------+---------+-------+---------+---------+-------
